 Dungeon Crawl Stone Soup version 0.20-a0-537-g052e6ba (webtiles) character file.

644 Alarkh the Chopper (level 7, -8/52 HPs)
             Began as a Demonspawn Monk on Jan 28, 2017.
             Mangled by Graouh's ghost (11 damage)
             ... on level 5 of the Dungeon.
             The game lasted 00:04:06 (2373 turns).

Alarkh the Chopper (Demonspawn Monk)                Turns: 2373, Time: 00:04:06

Health: -8/52      AC:  7    Str: 11    XL:     7   Next: 27%
Magic:  7/7        EV: 13    Int: 13    God:
Gold:   144        SH:  0    Dex: 16    Spells: 6/6 levels left

rFire    . . .     SeeInvis .   e - +4 war axe
rCold    . . .     Gourm    .   b - +0 robe
rNeg     . . .     Faith    .   (no shield)
rPois    .         Spirit   .   (no helmet)
rElec    .         Reflect  .   (no cloak)
rCorr    .         Harm     .   l - +2 pair of gloves
MR       .....                  (no boots)
Stlth    ++++......             (no amulet)
Regen    0.2/turn               (no ring)
                                (no ring)

@: no status effects
A: talons 1, iridescent scales 1, nightstalker 2, powered by death 1
a: no special abilities


You were on level 5 of the Dungeon.
You were not hungry.

You visited 1 branch of the dungeon, and saw 6 of its levels.

You collected 144 gold pieces.

Inventory:

Hand Weapons
 a - a +0 hand axe
 e - a +4 war axe (weapon)
Armour
 b - a +0 robe (worn)
 l - a +2 pair of gloves (worn)
Jewellery
 v - an uncursed ring of fire {unknown}
Scrolls
 g - a scroll of amnesia
 i - a scroll of identify {unknown}
 j - a scroll of immolation {unknown}
 k - a scroll of enchant weapon {unknown}
 o - a scroll of fear {unknown}
 q - a scroll of remove curse
 r - a scroll of teleportation {unknown}
Potions
 h - a potion of lignification {unknown}
 s - a potion of resistance {unknown}
 t - a potion of curing {unknown}
 u - a potion of cancellation {unknown}
Comestibles
 c - 2 bread rations
 d - 2 meat rations
 f - 4 chunks of flesh
 n - 4 fruits
 p - 4 royal jellies


   Skills:
 - Level 3.0 Fighting
 + Level 7.8 Axes
 - Level 2.6 Dodging
 - Level 1.7 Stealth


You had 6 spell levels left.
You didn't know any spells.

Dungeon Overview and Level Annotations

Branches:
Dungeon (7/15)
 Temple: D:4-7

Altars:
Kikubaaqudgha
Sif Muna
The Shining One

Shops:
D:6 [

Annotations:
D:5 Graouh's ghost, novice MiFi


Innate Abilities, Weirdness & Mutations

You have sharp toenails.
You are partially covered in iridescent scales. (AC +2)
You are significantly more attuned to the shadows.
You regenerate a little health from kills.


Message History

* * * LOW HITPOINT WARNING * * *
You hit Graouh's ghost but do no damage.
Your kick misses Graouh's ghost.
Graouh's ghost is severely damaged.
Graouh's ghost hits you but does no damage.
Graouh's ghost hits you!
* * * LOW HITPOINT WARNING * * *
You barely miss Graouh's ghost. Your kick misses Graouh's ghost.
Graouh's ghost is severely damaged.
Graouh's ghost misses you.
You hit Graouh's ghost but do no damage.
Your kick misses Graouh's ghost.
Graouh's ghost is severely damaged.
Graouh's ghost crushes a nearby insect and laughs.
Graouh's ghost closely misses you.
You hit Graouh's ghost.
You claw Graouh's ghost, but do no damage.
Graouh's ghost is severely damaged.
Graouh's ghost hits you!
You die...

#..........#
##.###.###..# ## #..# #.#
#..#
^############..###+###..#
...............###_+....#
##############.###+###..#
###.# #.# #..#
....###.###(##
.....@..).))#
....W##.#.### ..... #...#
..... #.### ######..#
#.## #.


You could see Graouh's ghost.

Vanquished Creatures
  A black bear (D:5)
  An ice beast (D:6)
  A necrophage (D:6)
  A bullfrog (D:6)
  3 wights (D:6)
  An orc priest (D:5)
  2 orc wizards (D:5)
  A worker ant (D:5)
  A hound skeleton (D:6)
  3 adders
  3 dart slugs
  A leopard gecko (D:1)
  2 orcs (D:5)
  2 giant cockroaches
  4 goblins
  3 hobgoblins
  4 jackals (D:6)
  6 kobolds
  5 bats
  A frilled lizard (D:1)
  6 rats
52 creatures vanquished.

Notes
Turn   | Place    | Note
-------+----------+-------------------------------------------
     0 | D:1      | Alarkh the Demonspawn Monk began the quest for the Orb.
     0 | D:1      | Reached XP level 1. HP: 18/18 MP: 1/1
   129 | D:1      | Reached skill level 3 in Axes
   259 | D:1      | Gained mutation: You are slightly more attuned to the shadows. [demonic ancestry]
   259 | D:1      | Reached XP level 2. HP: 19/24 MP: 2/2
   942 | D:2      | Gained mutation: You are significantly more attuned to the shadows. [demonic ancestry]
   942 | D:2      | Reached XP level 3. HP: 29/29 MP: 3/3
  1257 | D:2      | Reached skill level 4 in Axes
  1462 | D:3      | You fall through a shaft for 3 floors!
  1466 | D:6      | Noticed a necrophage
  1474 | D:6      | Killed a necrophage
  1474 | D:6      | Reached skill level 5 in Axes
  1474 | D:6      | Gained mutation: You are partially covered in iridescent scales. (AC +2) [demonic ancestry]
  1474 | D:6      | Reached XP level 4. HP: 21/35 MP: 4/4
  1474 | D:6      | Gained mutation: You regenerate a little health from kills. [demonic ancestry]
  1474 | D:6      | Reached XP level 5. HP: 25/41 MP: 5/5
  1597 | D:6      | Found Wauhuzoics's Armour Emporium.
  1644 | D:6      | Found a glowing golden altar of the Shining One.
  1736 | D:6      | Noticed an ice beast
  1749 | D:6      | Killed an ice beast
  1749 | D:6      | Reached skill level 6 in Axes
  2020 | D:6      | Gained mutation: You have sharp toenails. [demonic ancestry]
  2020 | D:6      | Reached XP level 6. HP: 47/47 MP: 6/6
  2127 | D:5      | Entered Level 5 of the Dungeon
  2195 | D:5      | Reached skill level 7 in Axes
  2195 | D:5      | Reached XP level 7. HP: 28/52 MP: 7/7
  2266 | D:5      | Found a deep blue altar of Sif Muna.
  2304 | D:5      | Found an ancient bone altar of Kikubaaqudgha.
  2355 | D:5      | Noticed Graouh's ghost (novice MiFi)
  2373 | D:5      | Mangled by Graouh's ghost

Vault maps used:
D:1:      onia_arrival_pentagram
D:3:      lemuel_coloured_pillars_altar, grunt_decor_resistance,
          roderic_batcave, uniq_iyjb
D:5:      black_bear_nest_2, lemuel_doored_altar,
          nicolae_ossuary_entry_false_entrances, first_bread,
          hangedman_decor_growths, lemuel_blue_sif_altar
D:6:      kennysheep_mini, tso_metal_star, serial_shops, shop
D:7:      the_bakery, minivault_19, nemelex_altar_shiori

Skill      XL: |  1  2  3  4  5  6 |
---------------+-------------------+-----
Axes           | 3 5 6 7 |  7.8
Fighting       | |  3.0
Dodging        | |  2.6
Stealth        | |  1.7

Action                   |  1- 3 |  4- 6 |  7- 9 || total
-------------------------+-------+-------+-------++-------
Melee: Hand axe          |    93 |    71 |       ||   164
       War axe           |       |    15 |    37 ||    52
       Kick              |       |     8 |    10 ||    18
  Use: Scroll            |     3 |     1 |       ||     4
       Potion            |     1 |     5 |     2 ||     8
 Stab: Sleeping          |    14 |     4 |     1 ||    19
       Distracted        |     3 |       |       ||     3
       Invisible         |       |     2 |       ||     2
  Eat: Chunk             |     2 |     2 |     1 ||     5
Armor: Robe              |    11 |    25 |    12 ||    48
Dodge: Dodged            |    57 |    63 |    14 ||   134
